AoeStats
← c0912105532

Arena

507498430Analyzed
3v3 RM · 13d ago on Sep 18, 2026· 43m 28s· 6 players
Game mode
Random Map
Map size
Normal (6 player)
Population
200
Speed
Normal
Resources
Standard
Victory
Conquest
Starting age
Dark Age
Ending age
Imperial Age
RankedLock teamsTeams togetherTeam positionsShared explorationLock speedFull tech treeHidden civsTurbo modeCheats
Victory
Defeat
🇹🇼 Italians · Taiwan
1362
+13
🇹🇼 Goths · Taiwan
1330
+14
🇹🇼 Khmer · Taiwan
1326
+14
🇹🇼 Byzantines · Taiwan
1303
-14
🇹🇼 Britons · Taiwan
1303
-14
🇹🇼 Slavs · Taiwan
1278
-13
David
8:59 Loom
10:55 Feudal Age
15:36 Castle Age
13:28 Horse Collar
14:25 Double-Bit Axe
21:43 Imperial Age
19:46 Scale Mail Armor
19:48 Squires
20:36 Forging
22:30 Chain Mail Armor
21:56 Capped Ram
23:28 Bow Saw
27:07 Iron Casting
26:41 Town Watch
28:43 Wheelbarrow
29:24 Chemistry
29:50 Blast Furnace
28:45 Gold Mining
29:03 Heavy Plow
29:43 Pikeman
31:07 Halberdier
34:23 Fletching
36:14 Hand Cart
38:23 Bodkin Arrow
38:28 Padded Archer Armor
39:42 Two-Man Saw
39:48 Town Patrol
40:28 Anarchy
40:48 Conscription
42:35 Ballistics
42:10 Stone Mining
42:40 Elite Huskarl
chick
12:01 Feudal Age
15:41 Castle Age
13:34 Horse Collar
14:56 Double-Bit Axe
17:41 Bow Saw
19:10 Bloodlines
22:15 Scale Barding Armor
23:26 Loom
27:11 Wheelbarrow
33:49 Imperial Age
31:37 Hand Cart
32:00 Fletching
32:10 Padded Archer Armor
32:35 Ballistics
32:42 Bodkin Arrow
32:22 Elite Skirmisher
34:04 Thumb Ring
34:32 Leather Archer Armor
34:33 Bracer
35:46 Chemistry
36:38 Ring Archer Armor
41:00 Forging
40:50 Scale Mail Armor
41:10 Chain Barding Armor
40:46 Cavalier
41:26 Husbandry
42:48 Fortified Wall
Ray
0:29 Loom
10:24 Feudal Age
15:40 Castle Age
13:53 Double-Bit Axe
15:00 Horse Collar
16:26 Heavy Plow
21:03 Bow Saw
27:57 Town Watch
33:04 Coinage
39:21 Imperial Age
37:29 Wheelbarrow
37:33 Gold Mining
37:35 Stone Mining
42:12 Chemistry
41:35 Ballistics
41:48 Banking
41:58 Gold Shaft Mining
41:55 Crop Rotation
42:16 Stone Shaft Mining
41:54 Scale Barding Armor
42:00 Forging
41:51 Scale Mail Armor
42:50 Hand Cart
42:35 Town Patrol
43:08 Chain Barding Armor
43:23 Iron Casting
44:00 Chain Mail Armor
43:37 Fletching
43:47 Padded Archer Armor
44:28 Plate Barding Armor
43:27 Elite Battle Elephant
c0912105532
11:09 Feudal Age
12:46 Double-Bit Axe
15:02 Castle Age
13:16 Horse Collar
16:31 Wheelbarrow
16:36 Bow Saw
21:44 Heavy Plow
22:38 Loom
22:39 Town Watch
26:07 Hand Cart
25:53 Town Patrol
26:09 Stone Mining
26:11 Gold Mining
29:54 Imperial Age
29:16 Masonry
29:59 Detinets
35:56 Forging
35:51 Scale Barding Armor
櫻道花炎
10:10 Feudal Age
14:43 Castle Age
13:20 Double-Bit Axe
13:40 Loom
14:18 Fletching
15:26 Bodkin Arrow
23:28 Ballistics
25:41 Horse Collar
34:17 Heavy Plow
35:10 Gold Mining
39:00 Imperial Age
38:04 Wheelbarrow
37:54 Bow Saw
39:33 Yeomen
39:28 Padded Archer Armor
39:41 Bracer
40:46 Chemistry
39:29 Treadmill Crane
39:44 Murder Holes
40:16 Conscription
40:56 Hand Cart
40:57 Warwolf
41:31 Elite Longbowman
44:04 Gold Shaft Mining
43:20 Stone Mining
zxc327777100
8:59 Loom
10:47 Feudal Age
11:26 Double-Bit Axe
11:47 Loom
15:52 Castle Age
13:41 Double-Bit Axe
17:18 Bow Saw
18:35 Horse Collar
30:22 Caravan
Connection lost

Rejoining the realm…

Still unreachable

The connection could not be restored.

Session expired

The server has moved on; the page needs a fresh start.